 Dungeon Crawl Stone Soup version bcrawl-1.18.1 (webtiles) character file.

Game seed: 16684249207421001816

16912 rlgrobin the Impaler (level 12, -16/97 HPs)
             Began as a Formicid Chaos Knight on Nov 6, 2019.
             Was a Plaything of Xom.
             Hit by a large rock thrown by a stone giant (35 damage)
             ... in a volcano.
             The game lasted 00:44:06 (10880 turns).

rlgrobin the Impaler (Formicid Chaos Knight)       Turns: 10880, Time: 00:44:07

Health: -16/97     AC: 11    Str: 34    XL:     12   Next: 76%
Magic:  12/12      EV: 13    Int: 17    God:    Xom [*.....]
Gold:   1091       SH:  4    Dex: 14    Spells: 11/11 levels left

rFire    + + .     SeeInvis +   r - +0 trident
rCold    . . .     Gourm    .   (no shield)
rNeg     + . .     Faith    +   i - +1 ring mail of Diffogo {rN+ Regen+ Str+4 SInv}
rPois    +         Spirit   .   (helmet unavailable)
rElec    .         Reflect  .   D - scarf {repulsion}
rCorr    .         Harm     .   l - +0 pair of gloves
MR       ++...                  p - +1 pair of boots
Stlth    +.........             x - amulet of faith
HPRegen  0.66/turn              e - ring of fire
MPRegen  0.13/turn              n - ring "Aggirchef" {rC+ Slay+6}

@: mighty, repel missiles
A: permanent stasis, dig shafts and tunnels, four strong arms, antennae 3,
hooves 1, repulsion field 1, large bone plates 1, slimy green scales 1, agile 2,
blurry vision 2, clever 2, fire resistance 1, magic resistance 1, mutation
resistance 2, sense surroundings 1, poison resistance, strong 2, MP-powered
wands
a: Dig, Shaft Self, Renounce Religion


You were in a volcano.
You worshipped Xom.
You were a special plaything of Xom.
You were hungry.

You visited 2 branches of the dungeon, and saw 11 of its levels.
You also visited: Ossuary, Ice Cave and Volcano.

You collected 1091 gold pieces.

Inventory:

Hand Weapons
 a - a +1 spear of flaming
 r - a +0 trident (weapon)
 C - a +0 glaive of flaming
Armour
 i - the +1 ring mail of Diffogo (worn) {rN+ Regen+ Str+4 SInv}
   (You took it off an orc on level 4 of the Dungeon)

   It affects your strength (+4).
   It protects you from negative energy.
   It lets you see invisible.
   It increases your rate of regeneration.
 l - a +0 pair of gloves (worn)
 p - a +1 pair of boots (worn)
 y - the +1 robe of Puda {Regen+ rCorr Int+10 Dex-5}
   (Xom gifted it to you on level 8 of the Dungeon)

   It affects your intelligence (+10).
   It affects your dexterity (-5).
   It increases your rate of regeneration.
   It provides partial protection from all sources of acid and corrosion.
 D - a scarf of repulsion (worn)
 E - the +1 chain mail of Pantheism {rCorr, unknown}
   (You found it in a volcano)

   It provides partial protection from all sources of acid and corrosion.
Jewellery
 e - a ring of fire (left hand)
 n - the ring "Aggirchef" (right hand) {rC+ Slay+6}
   (You acquired it on level 1 of the Lair of Beasts)

   [ring of protection from cold]

   It affects your accuracy and damage with ranged weapons and melee attacks
   (+6).
   It protects you from cold.
 q - a +3 ring of evasion
 x - an amulet of faith (around neck)
 A - a cursed amulet of inaccuracy {unknown}
Wands
 k - a wand of paralysis (7)
 o - a wand of polymorph (7)
 w - a wand of acid (27)
 z - a wand of scattershot (5)
Scrolls
 j - a scroll of enchant weapon
 m - 2 scrolls of immolation
 t - 2 scrolls of enchant armour
 B - 2 scrolls of amnesia
Potions
 d - a potion of cancellation
 f - 4 potions of flight
 g - 6 potions of curing
 h - a potion of brilliance
 s - 2 potions of heal wounds {unknown}
 u - 2 potions of lignification {unknown}
 v - a potion of ambrosia {unknown}
Comestibles
 c - 26 rations {!d}


   Skills:
 - Level 10.1 Fighting
 + Level 17.2 Polearms
 - Level 2.1 Armour
 - Level 0.8 Dodging


You had 11 spell levels left.
You didn't know any spells.
Your spell library contained the following spells:

 Spells                   Type           Power        Failure   Level  Hunger
 Animate Skeleton         Necr           N/A          32%         1    ##.....
 Apportation              Tloc           #.....       32%         1    ##.....
 Beastly Appendage        Tmut           #.....       32%         1    ##.....
 Freeze                   Ice            #.....       32%         1    ##.....
 Infusion                 Chrm           #.......     32%         1    ##.....
 Pain                     Necr           #.....       32%         1    ##.....
 Sandblast                Erth           #.....       32%         1    ##.....
 Slow                     Hex            #.......     32%         1    ##.....
 Summon Butterflies       Summ           #.......     32%         1    ##.....
 Summon Small Mammal      Summ           #...         32%         1    ##.....
 Call Imp                 Summ           #.....       43%         2    ###....
 Poisonous Vapours        Pois/Air       #.....       43%         2    ###....
 Sticks to Snakes         Tmut           #.......     43%         2    ###....
 Throw Frost              Conj/Ice       #.....       43%         2    ###....
 Call Canine Familiar     Summ           #.......     67%         3    ####...
 Conjure Flame            Conj/Fire      #.......     67%         3    ####...
 Mephitic Cloud           Conj/Pois/Air  #.......     67%         3    ####...
 Ozocubu's Armour         Chrm/Ice       #.......     67%         3    ####...
 Regeneration             Chrm/Necr      #.........   67%         3    ####...
 Spider Form              Tmut/Pois      #..          67%         3    ####...
 Vampiric Draining        Necr           #.........   67%         3    ####...
 Airstrike                Air            #.........   97%         4    #####..
 Animate Dead             Necr           N/A          97%         4    #####..
 Ice Form                 Ice/Tmut       #.......     97%         4    #####..
 Summon Ice Beast         Ice/Summ       #.......     97%         4    #####..
 Throw Icicle             Conj/Ice       #.......     97%         4    #####..
 Blade Hands              Tmut           #.........   100%        5    ######.
 Bolt of Draining         Conj/Necr      #.........   100%        5    ######.
 Summon Lightning Spire   Summ/Air       #.......     100%        5    ######.
 Conjure Ball Lightning   Conj/Air       #.........   100%        6    #######
 Freezing Cloud           Ice/Air        #.........   100%        6    #######
 Steam Barrier            Chrm/Fire      #.........   100%        6    #######


Dungeon Overview and Level Annotations

Branches:
Dungeon (8/12)             Temple (0/1) D:5            Lair (3/6) D:8
    Orc (0/1) D:8
  Swamp: Lair:2-4    Shoals: Lair:2-4     Snake: Lair:2-4    Spider: Lair:2-4

Altars:
Ashenzari
Cheibriados
Elyvilon
Gozag
Hepliaklqana
Lugonu
Qazlal
Ru
Trog
Wu Jian
Xom


Innate Abilities, Weirdness & Mutations

You cannot be hasted, slowed, berserked, paralysed or teleported.
You can dig through walls and to a lower floor.
Your four strong arms can wield two-handed weapons with a shield.
You have a pair of large antennae on your head. (SInv)
You have large cloven feet.
You are surrounded by a mild repulsion field. (EV +2)
You are partially covered in large bone plates. (SH +4)
You are partially covered in slimy green scales. (AC +2)
You are very agile. (Dex +4)
Scrolls take you longer to read.
Your mind is very acute. (Int +4)
Your flesh is heat resistant. (rF+)
You are resistant to hostile enchantments. (MR+)
You are somewhat resistant to both further mutation and mutation removal.
You passively map a small area around you.
Your system is resistant to poisons. (rPois)
Your muscles are very strong. (Str +4)
You expend magic power (3 MP) to strengthen your wands.


Message History

You feel very mighty all of a sudden.
Xom pokes at a nearby gate.
Nothing appears to happen.
The stone giant throws a large rock.
The large rock hits you!!!
Ouch! That really hurt!
* * * LOW HITPOINT WARNING * * *
A shower of butterflies erupts from you!
You feel better.
Xom decides to rearrange the pieces.
Your stasis prevents you from teleporting.
Some monsters swap places.
Your crimson imp blinks!
You swap places.
The stone giant throws a large rock.
The large rock hits you!!
* * * LOW HITPOINT WARNING * * *
You see here a leather armour of fire resistance.
The rocky tunnel leading out of this place slides away as you move beside it!
Xom makes a sudden noise!
You hear a mighty clap of thunder!
The stone giant throws a large rock.
The large rock hits you!!
You die...
Xom chortles!

#.....§≈§§§≈§§≈§....#
##.#....≈§≈≈≈≈≈....#
*##...§...........#*
##.##....##...#...##
≈.#########.####C..#
...# ### ##)### ...#
##.)### ...#
##...§≈## ∩..##
##.!.@$≈≈# ≈...#
#.5.∩)≈≈≈# §≈...#
##....≈≈## ≈≈≈.##
##$b≈b☼# ≈≈§##
##§≈≈☼# ≈§## ##≈☼##
≈# #### #


You could see a stone giant and a friendly crimson imp.

Vanquished Creatures
  2 hydras
  A fire crab (shapeshifter) (D:7)
  An unseen horror (D:8)
  Pikel (D:4)
  A black mamba (Lair:3)
  5 cane toads
  An efreet (Volcano)
  2 rime drakes (Lair:1)
  3 komodo dragons
  Prince Ribbit (D:6)
  5 blink frogs (Lair:2)
  3 hippogriffs
  2 wyverns (D:8)
  A spriggan (D:7)
  10 yaks
  A basilisk (D:8)
  3 fire elementals (Volcano)
  Edmund (D:6)
  4 water moccasins
  Duvessa (D:4)
  10 porcupines
  An eye of draining (Lair:1)
  7 ice beasts
  A slave (D:4)
  4 orc warriors
  A sky beast (D:7)
  2 black bears
  A necrophage (D:8)
  2 phantoms (D:7)
  6 ogres
  3 centaurs
  11 crocodiles
  Blork the orc (D:5)
  A big kobold (D:8)
  2 bullfrogs
  Dowan (D:4)
  A wyvern skeleton (D:5)
  A scorpion (D:7)
  7 crimson imps
  2 gnoll shamans
  A hound (D:4)
  7 orc wizards
  An orc priest (D:5)
  2 centaur skeletons
  A bullfrog skeleton (D:4)
  8 worker ants
  An iguana (D:8)
  2 iguanas (shapeshifter) (D:4)
  A hound skeleton (D:6)
  A hound zombie (D:7)
  9 mummies
  8 adders
  12 gnolls
  A howler monkey skeleton (D:6)
  A shadow imp (D:8)
  2 adder skeletons
  An adder zombie (D:5)
  3 worms
  A dart slug (D:1)
  6 leopard geckos
  31 orcs
  3 bats
  4 giant cockroaches
  A gnoll zombie (Ossuary)
  9 hobgoblins
  10 jackals
  10 kobolds
  6 quokkas
  A ball python (D:3)
  5 frilled lizards
  4 goblins
  A hobgoblin zombie (Ossuary)
  6 orc zombies (Ossuary)
  5 rats
279 creatures vanquished.

Vanquished Creatures (collateral kills)
  A sky beast (D:5)
  A frilled lizard (D:5)
2 creatures vanquished.

Vanquished Creatures (others)
  A centaur (D:8)
  A shadow imp (D:4)
  An orc (D:8)
  3 fungi (Lair:2)
6 creatures vanquished.

Grand Total: 287 creatures vanquished

Notes
Turn   | Place    | Note
-------+----------+-------------------------------------------
     0 | D:1      | rlgrobin the Formicid Chaos Knight began the quest for the
                  | Orb.
     0 | D:1      | Reached XP level 1. HP: 18/18 MP: 1/1
    70 | D:1      | XOM: potion effect (experience)
    70 | D:1      | Reached skill level 8 in Polearms
    70 | D:1      | Reached XP level 2. HP: 17/24 MP: 2/2
   260 | D:1      | XOM: harmless Chrm miscast
   318 | D:1      | Reached XP level 3. HP: 29/29 MP: 3/3
   340 | D:1      | XOM: cast spell 'Leda's Liquefaction'
   343 | D:1      | XOM: enchant monster (bad)
   485 | D:1      | XOM: give mutations
   485 | D:1      | Gained mutation: You are weak. (Str -2) [Xom's mischief]
   485 | D:1      | Gained mutation: You are clumsy. (Dex -2) [Xom's mischief]
   485 | D:1      | Gained mutation: You are very clumsy. (Dex -4) [Xom's
                  | mischief]
   650 | D:2      | XOM: noise
   726 | D:2      | XOM: mild Hex miscast
  1066 | D:2      | Reached XP level 4. HP: 35/35 MP: 4/4
  1672 | D:3      | XOM: noise
  1677 | D:3      | Reached XP level 5. HP: 39/42 MP: 5/5
  1699 | D:3      | XOM is BORED!
  1699 | D:3      | XOM: give mutations
  1699 | D:3      | Gained mutation: Scrolls take you a little longer to read.
                  | [Xom's mischief]
  1699 | D:3      | Gained mutation: Scrolls take you longer to read. [Xom's
                  | mischief]
  1797 | D:3      | Found a sacrificial altar of Ru.
  1832 | D:3      | XOM: give mutations
  1832 | D:3      | Gained mutation: Scrolls take you much longer to read.
                  | [Xom's mischief]
  1832 | D:3      | Lost mutation: You are weak. (Str -2) [Xom's mischief]
  1857 | D:3      | XOM: smoke on damage
  2031 | D:3      | XOM: give mutations
  2031 | D:3      | Lost mutation: You are very clumsy. (Dex -4) [Xom's
                  | mischief]
  2031 | D:3      | Lost mutation: Scrolls take you much longer to read. [Xom's
                  | mischief]
  2031 | D:3      | Lost mutation: You are clumsy. (Dex -2) [Xom's mischief]
  2035 | D:3      | XOM: enchant monster (bad)
  2151 | D:3      | XOM: enchant monster (bad)
  2178 | D:3      | Reached XP level 6. HP: 38/50 MP: 6/6
  2232 | D:3      | XOM: give mutations
  2232 | D:3      | Gained mutation: Your muscles are strong. (Str +2) [Xom's
                  | grace]
  2232 | D:3      | Gained mutation: Your muscles are very strong. (Str +4)
                  | [Xom's grace]
  2232 | D:3      | Gained mutation: You passively map a small area around you.
                  | [Xom's grace]
  2232 | D:3      | Gained mutation: You evolve. [Xom's grace]
  2337 | D:3      | Reached skill level 5 in Fighting
  2518 | D:3      | XOM: cast spell 'Call Canine Familiar'
  3115 | D:4      | Noticed an ogre
  3122 | D:4      | Killed an ogre
  3122 | D:4      | Reached skill level 9 in Polearms
  3122 | D:4      | Reached XP level 7. HP: 38/56 MP: 7/7
  3307 | D:4      | Noticed Dowan
  3354 | D:4      | Identified the cursed +1 ring mail of Diffogo {rN+ Regen+
                  | Str+4 SInv}
  3356 | D:4      | Noticed Duvessa
  3369 | D:4      | XOM: confuse monster(s)
  3378 | D:4      | Killed Duvessa
  3398 | D:4      | Killed Dowan
  3526 | D:4      | Reached XP level 8. HP: 62/62 MP: 8/8
  3542 | D:4      | XOM: polymorph steam dragon -> iguana
  3733 | D:4      | Noticed Pikel
  3803 | D:4      | XOM: harmless Conj miscast
  3805 | D:4      | XOM: mild Ice miscast
  3814 | D:4      | Killed Pikel
  3814 | D:4      | Reached skill level 11 in Polearms
  3996 | D:4      | XOM: harmless Tmut miscast
  4004 | D:4      | XOM: medium Air miscast
  4008 | D:4      | XOM: smoke on damage
  4040 | D:4      | XOM: cloud trail
  4426 | D:5      | Entered Level 5 of the Dungeon
  4441 | D:5      | XOM: god gift: fluorescent wand {god gift}
  4454 | D:5      | Reached XP level 9. HP: 62/68 MP: 9/9
  4488 | D:5      | XOM: cloud trail
  4530 | D:5      | Noticed Blork the orc
  4543 | D:5      | XOM: cleaving
  4561 | D:5      | Killed Blork the orc
  4626 | D:5      | Found a sand-covered staircase.
  4639 | Ossuary  | Entered an ossuary
  5021 | D:5      | Found an opulent altar of Gozag.
  5168 | D:5      | Reached skill level 12 in Polearms
  5196 | D:5      | XOM: summons friendly white imp
  5247 | D:5      | XOM: fog
  5274 | D:5      | XOM: polymorph white imp -> shadow imp
  5318 | D:5      | Found a staircase to the Ecumenical Temple.
  5527 | D:6      | Found a shattered altar of Ashenzari.
  5556 | D:6      | Noticed Edmund
  5557 | D:6      | XOM: enchant monster (good)
  5654 | D:3      | XOM: god gift: book of Frost
  5751 | D:6      | XOM: cloud trail
  5761 | D:6      | Killed Edmund
  5826 | D:6      | Found a stormy altar of Qazlal.
  5863 | D:6      | Noticed Prince Ribbit
  5872 | D:6      | Killed Prince Ribbit
  5909 | D:6      | Found a corrupted altar of Lugonu.
  5987 | D:6      | Found a shattered altar of Ashenzari.
  6140 | D:6      | Reached XP level 10. HP: 80/80 MP: 10/10
  6158 | D:6      | Found an ornate altar of the Wu Jian Council.
  6160 | D:6      | Found a snail-covered altar of Cheibriados.
  6161 | D:6      | Found a white marble altar of Elyvilon.
  6162 | D:6      | Found a hazy altar of Hepliaklqana.
  6164 | D:6      | Found a bloodstained altar of Trog.
  6493 | D:7      | XOM: polymorph troll -> raiju
  6499 | D:7      | Noticed a fire crab
  6499 | D:7      | a raiju changed into a fire crab
  6500 | D:7      | XOM: divination: detect items
  6505 | D:7      | Killed a fire crab
  6690 | D:7      | XOM: silly message
  6701 | D:7      | XOM: enchant monster (bad)
  6705 | D:7      | XOM: confuse monster(s)
  6782 | D:7      | XOM: divination: magic mapping
  6783 | D:7      | Reached skill level 10 in Fighting
  6895 | D:7      | XOM: enchant monster (good)
  7011 | D:7      | XOM: blink monster(s)
  7074 | D:7      | XOM: noise
  7334 | D:8      | Found an opulent altar of Gozag.
  7365 | D:8      | XOM: give mutations
  7365 | D:8      | Gained mutation: You are dopey. (Int -2) [Xom's mischief]
  7365 | D:8      | Lost mutation: You are dopey. (Int -2) [Xom's mischief]
  7365 | D:8      | Gained mutation: You are clumsy. (Dex -2) [Xom's mischief]
  7410 | D:8      | XOM: god gift: creamy pearl robe {god gift}
  7411 | D:8      | Got a creamy pearl robe {god gift}
  7411 | D:8      | XOM: potion effect (invisibility)
  7454 | D:8      | XOM: give mutations
  7454 | D:8      | Gained mutation: You have large cloven feet. [Xom's grace]
  7454 | D:8      | Gained mutation: Your system is resistant to poisons.
                  | (rPois) [Xom's grace]
  7454 | D:8      | Gained mutation: You are surrounded by a mild repulsion
                  | field. (EV +2) [Xom's grace]
  7454 | D:8      | Gained mutation: You are partially covered in slimy green
                  | scales. (AC +2) [Xom's grace]
  7483 | D:8      | Found a staircase to the Orcish Mines.
  7496 | D:8      | XOM: scenery: 1 doors open
  7499 | D:8      | XOM: potion effect (invisibility)
  7520 | D:8      | Reached skill level 13 in Polearms
  7520 | D:8      | XOM: polymorph orc wizard -> centaur
  7575 | D:8      | XOM: fake destruction
  7595 | D:8      | Reached XP level 11. HP: 80/90 MP: 11/11
  7616 | D:8      | XOM: give mutation
  7616 | D:8      | Gained mutation: Your mind is acute. (Int +2) [Xom's grace]
  7654 | D:8      | XOM: destruction
  7733 | D:8      | XOM: give mutations
  7733 | D:8      | Gained mutation: You are partially covered in large bone
                  | plates. (SH +4) [Xom's grace]
  7733 | D:8      | Lost mutation: You evolve. [Xom's grace]
  7733 | D:8      | Gained mutation: You are somewhat resistant to further
                  | mutation. [Xom's grace]
  7733 | D:8      | Gained mutation: You are somewhat resistant to both further
                  | mutation and mutation removal. [Xom's grace]
  7733 | D:8      | Lost mutation: You are clumsy. (Dex -2) [Xom's grace]
  7777 | D:8      | Found a staircase to the Lair.
  7842 | D:8      | Noticed an unseen horror
  7842 | D:8      | a yak changed into an unseen horror
  7842 | D:8      | XOM: polymorph yak -> unseen horror
  7846 | D:8      | XOM: confuse monster(s)
  7857 | D:8      | Killed an unseen horror
  7857 | D:8      | Reached skill level 14 in Polearms
  7911 | D:8      | XOM: god gift: potion of degeneration
  7922 | D:8      | XOM: harmless Pois miscast
  7954 | D:8      | Noticed a seven-headed hydra
  8009 | D:8      | Killed a seven-headed hydra
  8012 | D:8      | XOM: silly message
  8242 | Lair:1   | Entered Level 1 of the Lair of Beasts
  8247 | Lair:1   | XOM: mild Air miscast
  8248 | Lair:1   | Found a frozen archway.
  8248 | Lair:1   | XOM: divination: magic mapping
  8263 | Lair:1   | XOM: potion effect (invisibility)
  8278 | IceCv    | Entered an ice cave
  8311 | IceCv    | XOM: divination: magic mapping
  8326 | IceCv    | Noticed a white ugly thing
  8375 | IceCv    | XOM: enchant monster (bad)
  8382 | IceCv    | XOM: harmless Summ miscast
  8383 | IceCv    | XOM: enchant monster (bad)
  8385 | IceCv    | XOM: summons friendly shadow imp
  8388 | IceCv    | Noticed a tyrant leech
  8388 | IceCv    | a white ugly thing changed into a tyrant leech
  8388 | IceCv    | XOM: polymorph white ugly thing -> tyrant leech
  8453 | Lair:1   | XOM: divination: detect creatures
  8466 | Lair:1   | Reached skill level 15 in Polearms
  8811 | Lair:1   | XOM: noise
  8812 | Lair:1   | XOM: confusion (+ monsters)
  8872 | Lair:1   | XOM: scenery: create altars
  9048 | Lair:1   | XOM: polymorph cane toad -> eye of draining
  9049 | Lair:1   | XOM: cleaving
  9050 | Lair:1   | XOM: cleaving
  9060 | Lair:1   | Reached XP level 12. HP: 97/97 MP: 5/12
  9084 | Lair:1   | Identified the +1 robe of Puda {Regen+ rCorr Int+10 Dex-5}
                  | (Xom gifted it to you on level 8 of the Dungeon)
  9097 | Lair:1   | Identified a scroll of acquirement
  9097 | Lair:1   | Got a shimmering silver ring
  9098 | Lair:1   | Identified the ring "Aggirchef" {rC+ Slay+6} (You acquired
                  | it on level 1 of the Lair of Beasts)
  9382 | Lair:1   | Identified Xom's Papyrus of Terror (Xom gifted it to you on
                  | level 1 of the Lair of Beasts)
  9382 | Lair:1   | XOM: god gift: Xom's Papyrus of Terror
  9515 | Lair:1   | XOM: give mutations
  9515 | Lair:1   | Gained mutation: You expend magic power (3 MP) to
                  | strengthen your wands. [Xom's grace]
  9515 | Lair:1   | Gained mutation: You are agile. (Dex +2) [Xom's grace]
  9515 | Lair:1   | Gained mutation: You are very agile. (Dex +4) [Xom's grace]
  9515 | Lair:1   | Gained mutation: You are resistant to hostile enchantments.
                  | (MR+) [Xom's grace]
  9586 | Lair:1   | XOM: scenery: create altars
  9657 | Lair:1   | XOM: harmless Fire miscast
  9668 | Lair:2   | XOM: potion effect (agility)
  9695 | Lair:2   | XOM: scenery: create altars
 10104 | Lair:2   | Noticed an eight-headed hydra
 10112 | Lair:2   | XOM: cast spell 'Time Stop'
 10117 | Lair:2   | XOM: scenery: 1 doors open
 10122 | Lair:2   | Reached skill level 16 in Polearms
 10124 | Lair:2   | XOM: confuse monster(s)
 10127 | Lair:2   | Killed an eight-headed hydra
 10330 | Lair:2   | XOM: give mutations
 10330 | Lair:2   | Gained mutation: Your mind is very acute. (Int +4) [Xom's
                  | grace]
 10330 | Lair:2   | Gained mutation: Your flesh is heat resistant. (rF+) [Xom's
                  | grace]
 10373 | Lair:3   | XOM: harmless Fire miscast
 10395 | Lair:3   | XOM: mild Tloc miscast
 10434 | Lair:3   | XOM: chaos cloud
 10503 | Lair:3   | XOM: blink monster(s)
 10550 | Lair:3   | XOM: mild Fire miscast
 10577 | Lair:3   | XOM: noise
 10593 | Lair:3   | XOM: butterfly on damage
 10638 | Lair:3   | Reached skill level 17 in Polearms
 10660 | Lair:3   | XOM: medium Necr miscast
 10685 | Lair:3   | XOM: scenery: create altars
 10735 | Lair:3   | Found a dark tunnel.
 10740 | Volcano  | Entered a volcano
 10849 | Volcano  | XOM: summons friendly crimson imp
 10862 | Volcano  | XOM: god gift: glowing falchion {god gift}
 10873 | Volcano  | Noticed a stone giant
 10876 | Volcano  | Got a translucent chain mail
 10877 | Volcano  | XOM: butterfly on damage
 10878 | Volcano  | XOM: swap monsters
 10880 | Volcano  | XOM: noise
 10880 | Volcano  | Hit by a large rock thrown by a stone giant

Skill      XL: |  1  2  3  4  5  6  7  8  9 10 11 12 |
---------------+-------------------------------------+-----
Polearms       | 8 9 11 12 13 15 17 | 17.2
Fighting       | 4 5 7 10 | 10.1
Armour         | |  2.1
Dodging        | |  0.8

Action                   |  1- 3 |  4- 6 |  7- 9 | 10-12 || total
-------------------------+-------+-------+-------+-------++-------
Melee: Spear             |   106 |   205 |   413 |   451 ||  1175
       Trident           |       |       |       |   257 ||   257
 Abil: Dig               |       |     2 |       |     2 ||     4
  Use: Scroll            |     4 |     9 |     5 |     4 ||    22
       Potion            |       |     2 |     1 |     6 ||     9
 Stab: Petrifying        |     1 |       |     1 |       ||     2
       Petrified         |     1 |       |       |       ||     1
       Paralysed         |       |       |    10 |       ||    10
       Confused          |       |       |     9 |     1 ||    10
       Distracted        |       |       |     1 |     1 ||     2
       Invisible         |       |       |       |    25 ||    25
  Eat: Chunk             |       |     6 |     6 |     3 ||    15
       Ration            |       |       |     3 |     2 ||     5
Armor: Leather armour    |    22 |    28 |    17 |       ||    67
       Ring mail         |       |       |    29 |    71 ||   100
Dodge: Dodged            |    37 |    46 |    83 |   201 ||   367
Block: Other             |       |       |       |    18 ||    18
